 Dungeon Crawl Stone Soup version 0.26-a0-667-g92642533e4 (webtiles) character file.

Game seed: 11266677979729347717

66031 Napalmbreeze the Brawler (level 14, -2/146 HPs)
             Began as a Troll Fighter on Oct 14, 2020.
             Was the Champion of Makhleb.
             Slain by Rupert
             ... wielding a +1 great mace of protection
              (8 damage)
             ... on level 13 of the Dungeon on Oct 16, 2020.
             The game lasted 00:49:13 (18663 turns).

Napalmbreeze the Brawler (Troll Fighter)           Turns: 18663, Time: 00:49:13

Health: -2/146     AC:  8    Str: 31    XL:     14   Next: 77%
Magic:  19/19      EV: 11    Int:  4    God:    Makhleb [******]
Gold:   1532       SH: 12    Dex:  9    Spells: 13/13 levels left

rFire    + . .     SeeInvis .     - Unarmed
rCold    + . .     Faith    +   b - +0 kite shield
rNeg     . . .     Spirit   .   v - +2 robe {rC+ rF+}
rPois    .         Reflect  .   (helmet restricted)
rElec    .         Harm     .   (no cloak)
rCorr    .         Rampage  .   (gloves unavailable)
MR       +++..                  (boots unavailable)
Stlth    +.........             K - amulet of faith
HPRegen  0.74/turn              l - ring of protection from magic
MPRegen  0.16/turn              w - ring of protection from magic

@: no status effects
A: large, unfitting armour, claws 3, regeneration 1, shaggy fur 1, tough skin 3
a: Minor Destruction, Lesser Servant of Makhleb, Major Destruction, Greater
Servant of Makhleb, Renounce Religion


You were on level 13 of the Dungeon.
You worshipped Makhleb.
Makhleb was exalted by your worship.
You visited 3 branches of the dungeon, and saw 20 of its levels.

You collected 1532 gold pieces.

Inventory:

Missiles
 c - 2 large rocks (quivered)
 J - 6 curare-tipped darts
Armour
 b - a +0 kite shield (worn)
 v - a +2 robe of resistance (worn)
Jewellery
 l - a ring of protection from magic (left claw)
 w - a ring of protection from magic (right claw)
 I - an uncursed ring of ice
 K - an amulet of faith (around neck)
 O - a +4 ring of evasion
 P - a +4 ring of protection
Wands
 a - a wand of disintegration (25)
 o - a wand of iceblast (18)
 y - a wand of acid (14)
 B - a wand of paralysis (2)
 F - a wand of digging (10)
 H - a wand of enslavement (9)
Scrolls
 e - 4 scrolls of magic mapping
 f - 3 scrolls of fog
 h - 14 scrolls of teleportation
 i - 4 scrolls of enchant weapon
 j - 17 scrolls of remove curse
 n - 3 scrolls of immolation
 p - 3 scrolls of enchant armour
 r - a scroll of blinking {unknown}
 t - a scroll of identify
 A - 2 scrolls of fear
 L - a scroll of summoning {unknown}
 N - a scroll of torment
Potions
 d - a potion of curing
 g - 3 potions of brilliance
 k - 3 potions of stabbing
 m - 5 potions of mutation
 q - 2 potions of lignification
 s - 8 potions of flight
 u - a potion of heal wounds {unknown}
 x - a potion of cancellation {unknown}
 z - a potion of resistance {unknown}
 C - a potion of ambrosia {unknown}
 D - 4 potions of haste
 E - 3 potions of might
 G - 2 potions of invisibility
Miscellaneous
 M - a tin of tremorstones (3/3)


   Skills:
 + Level 11.0 Fighting
 - Level 8.0 Throwing
 - Level 5.0 Dodging
 - Level 9.0 Shields
 * Level 15.7 Unarmed Combat
 + Level 8.3 Invocations


You had 13 spell levels left.
You didn't know any spells.
Your spell library contained the following spells:

 Spells                   Type           Power        Failure   Level
 Sandblast                Erth           #.....       50%         1
 Summon Small Mammal      Summ           #...         50%         1
 Call Imp                 Summ           #.......     65%         2
 Passwall                 Tmut/Erth      #.......     65%         2
 Call Canine Familiar     Summ           #.......     86%         3
 Stone Arrow              Conj/Erth      #.....       86%         3
 Summon Guardian Golem    Hex/Summ       #.......     86%         3
 Petrify                  Tmut/Erth      #.......     99%         4
 Summon Ice Beast         Ice/Summ       #.......     99%         4
 Summon Lightning Spire   Summ/Air       #.......     99%         4
 Lee's Rapid Deconstruct  Erth           #.........   100%        5


Dungeon Overview and Level Annotations

Branches:
Dungeon (13/15)            Temple (1/1) D:5            Lair (6/6) D:11
 Shoals (0/4) Lair:2        Snake (0/4) Lair:4        Slime (0/5) Lair:6
    Orc (0/2) D:11
 Vaults: D:13-14

Altars:
Ashenzari
Cheibriados
Fedhas
Kikubaaqudgha
Makhleb
Nemelex Xobeh
Okawaru
Qazlal
Trog
Uskayaw
Vehumet
Wu Jian
Xom
Zin
The Shining One
Jiyva

Shops:
D:12 ((

Annotations:
D:6 2 transporters, confidenceinterval's ghost, novice GrMo
D:13 Rupert
Lair:5 exclusion: oklob plant
Lair:6 1 runed translucent door


Innate Abilities, Weirdness & Mutations

You are too large for most types of armour.
You have claws for hands.
Your natural rate of healing is unusually fast.
You are covered in fur. (AC +1)
You have extremely tough skin. (AC +3)


Message History

Rupert is severely wounded.
Rupert hits you with a +1 great mace of protection!
* * * LOW HITPOINT WARNING * * *
Unknown command.
Press: ? - help, v - describe, . - travel, g - get item
Here: Rupert, wielding a +1 great mace of protection and wearing a +0 scale mail (severely wounded, berserk)
Items here: a killer bee corpse; a killer bee corpse.
The floor, spattered with blood.
Unknown command.
Unknown command.
You claw Rupert!
Rupert is severely wounded.
You block Rupert's attack.
Unknown command.
Unknown command.
Unknown command.
You mangle Rupert!!
Rupert is almost dead.
Rupert hits you with a +1 great mace of protection!
You die...

#..........###..##
#..........# #..#
#####.###.### ..#
#........
#.........
#...###.#.# ##†.Z#
...y.
#######.##.###.#.
y
#...@@h.##........
#.#####.###...# #
#. ##.....##.# #.
##........ #.
##.#..##.# #.
#......# ..
#..#......
.............####
##.##......##


You could see Rupert (berserk) and a wolf.

Vanquished Creatures
  Kirke (D:13)
  Gastronok (D:9)
  2 fire dragons (Lair:6)
  Fannar (D:11)
  Erolcha (D:10)
  A catoblepas (Lair:6)
  3 hydras (Lair:5)
  3 boulder beetles
  3 two-headed ogres
  2 death knights
  Sonja (D:10)
  2 slime creatures (D:13)
  2 skeletal warriors
  An unseen horror (D:11)
  2 lindwurms (Lair:6)
  A swamp dragon (Lair:6)
  3 phantasmal warriors
  An oklob plant (Lair:6)
  A cyclops (D:11)
  5 elephants
  Psyche (D:9)
  6 black mambas
  2 gargoyles
  10 torpor snails
  8 cane toads
  Maggie (D:9)
  5 kobold demonologists (D:12)
  6 rime drakes
  A freezing wraith (D:11)
  7 komodo dragons
  4 trolls
  A polar bear (Lair:5)
  3 tyrant leeches (Lair:6)
  8 hornets
  12 blink frogs
  A water elemental (D:13)
  A vampire (D:12)
  3 wyverns
  2 wraiths (D:10)
  60 yaks
  2 basilisks
  Menkaure (D:4)
  3 steam dragons
  3 acid dragons
  5 nagas (Lair:4)
  14 water moccasins
  A sky beast (D:8)
  2 swamp drakes (Lair:6)
  7 orc warriors
  A necrophage (D:6)
  3 black bears
  An ice beast (D:7)
  2 phantoms
  A sky beast (shapeshifter) (D:13)
  6 ogres
  12 wolves
  7 centaurs
  4 big kobolds
  16 bullfrogs
  A wyvern zombie (D:9)
  3 gnoll sergeants
  3 scorpions
  9 killer bees
  2 howler monkeys
  7 wights
  4 electric eels
  3 centaur zombies
  A jelly (D:6)
  6 orc priests
  9 hounds
  2 bullfrog skeletons
  A centaur skeleton (D:12)
  4 iguanas
  Natasha (thrice) (D:3 D:2)
  8 orc wizards
  8 worker ants
  A killer bee zombie (D:6)
  A bullfrog simulacrum (D:13)
  2 hound skeletons
  3 hound zombies
  2 worker ant zombies
  A howler monkey zombie (D:7)
  18 gnolls
  10 adders
  5 ufetubi
  An ooze (D:3)
  An adder zombie (D:5)
  2 adder skeletons
  A worm (D:3)
  A dart slug (D:1)
  2 leopard geckos
  41 orcs
  A ball python (D:3)
  15 bats
  4 giant cockroaches
  5 goblins (D:1)
  8 hobgoblins
  13 jackals
  2 quokkas
  3 frilled lizards
  A jackal skeleton (D:5)
  22 kobolds
  A quokka skeleton (D:4)
  10 rats
521 creatures vanquished.

Vanquished Creatures (collateral kills)
  5 hydras
  3 elephants (Lair:3)
  A rime drake (Lair:6)
  2 polar bears (Lair:6)
  3 blink frogs (Lair:1)
  4 yaks
  A basilisk (Lair:6)
  3 water moccasins
  A wolf (Lair:6)
  A bullfrog (Lair:5)
  A wight (D:10)
  2 electric eels (Lair:6)
  A hound (D:10)
28 creatures vanquished.

Vanquished Creatures (others)
  A two-headed ogre (D:11)
  A human (D:13)
  24 fungi
  95 plants
121 creatures vanquished.

Grand Total: 670 creatures vanquished

Notes
Turn   | Place    | Note
-------+----------+-------------------------------------------
     0 | D:1      | Napalmbreeze the Troll Fighter began the quest for the Orb.
     0 | D:1      | Reached XP level 1. HP: 22/22 MP: 0/0
   210 | D:1      | Reached XP level 2. HP: 29/29 MP: 1/1
   401 | D:1      | Reached XP level 3. HP: 37/37 MP: 2/2
   643 | D:2      | Found a broken altar of Ashenzari.
   950 | D:2      | Found a blossoming altar of Fedhas.
  1056 | D:2      | Reached XP level 4. HP: 45/45 MP: 3/3
  1151 | D:3      | Found an ornate altar of the Wu Jian Council.
  1173 | D:3      | Found an iron altar of Okawaru.
  1204 | D:3      | Reached skill level 3 in Unarmed Combat
  1262 | D:3      | Noticed Natasha
  1275 | D:3      | Killed Natasha
  1275 | D:3      | Reached XP level 5. HP: 25/54 MP: 4/4
  1420 | D:3      | Noticed Natasha
  1425 | D:3      | Killed Natasha
  1490 | D:3      | Noticed Natasha
  1502 | D:2      | Killed Natasha
  1861 | D:3      | Reached XP level 6. HP: 62/62 MP: 5/5
  1922 | D:4      | Reached skill level 4 in Unarmed Combat
  1949 | D:4      | Found a sparkling altar of Nemelex Xobeh.
  1974 | D:4      | Noticed Menkaure
  1986 | D:4      | Killed Menkaure
  1986 | D:4      | Reached XP level 7. HP: 56/71 MP: 6/6
  2184 | D:4      | Reached skill level 5 in Unarmed Combat
  2332 | D:5      | Entered Level 5 of the Dungeon
  2584 | D:5      | Found a broken altar of Ashenzari.
  2698 | D:5      | Found a staircase to the Ecumenical Temple.
  2741 | Temple   | Entered the Ecumenical Temple
  2767 | Temple   | Became a worshipper of Makhleb the Destroyer
  2928 | D:5      | Reached skill level 5 in Fighting
  3115 | D:5      | Reached skill level 6 in Unarmed Combat
  3169 | D:5      | Found a burning altar of Makhleb.
  3427 | D:6      | Reached XP level 8. HP: 74/80 MP: 7/7
  3486 | D:6      | Found a transporter.
  3486 | D:6      | Noticed confidenceinterval's ghost (novice GrMo)
  3496 | D:6      | Found a transporter.
  3727 | D:6      | Reached * piety under Makhleb
  3816 | D:6      | Reached skill level 5 in Shields
  3816 | D:6      | Reached skill level 7 in Unarmed Combat
  4145 | D:7      | Noticed a two-headed ogre
  4287 | D:7      | Reached skill level 8 in Unarmed Combat
  4616 | D:7      | Reached skill level 1 in Invocations
  4723 | D:7      | Killed a two-headed ogre
  4723 | D:7      | Reached XP level 9. HP: 89/89 MP: 8/10
  4918 | D:8      | Found a stormy altar of Qazlal.
  4926 | D:8      | Reached ** piety under Makhleb
  4926 | D:8      | Reached skill level 9 in Unarmed Combat
  5035 | D:8      | Noticed a two-headed ogre
  5044 | D:8      | Killed a two-headed ogre
  5580 | D:9      | Noticed Psyche
  5595 | D:9      | Killed Psyche
  5595 | D:9      | Reached skill level 5 in Invocations
  5595 | D:9      | Reached XP level 10. HP: 88/102 MP: 12/12
  5817 | D:9      | Noticed Gastronok
  5839 | D:9      | Killed Gastronok
  5839 | D:9      | Reached skill level 10 in Unarmed Combat
  5950 | D:9      | Noticed Maggie
  5962 | D:9      | Killed Maggie
  6247 | D:9      | Found a hide-covered altar of Uskayaw.
  6247 | D:9      | Found a radiant altar of Vehumet.
  6358 | D:10     | Entered Level 10 of the Dungeon
  6461 | D:10     | Reached *** piety under Makhleb
  6477 | D:10     | Noticed Erolcha
  6485 | D:10     | Killed Erolcha
  6485 | D:10     | Reached XP level 11. HP: 87/113 MP: 13/13
  6500 | D:10     | Reached skill level 11 in Unarmed Combat
  6598 | D:10     | Found an ancient bone altar of Kikubaaqudgha.
  6709 | D:10     | Noticed Sonja
  6732 | D:10     | Killed Sonja
  7352 | D:11     | Noticed Fannar
  7378 | D:11     | Killed Fannar
  7663 | D:11     | Found a staircase to the Lair.
  7806 | D:11     | Found a staircase to the Orcish Mines.
  7817 | D:11     | Killed an unseen horror
  7821 | D:11     | Reached **** piety under Makhleb
  7861 | D:11     | Killed a two-headed ogre
  8035 | D:11     | Noticed a skeletal warrior
  8037 | D:11     | Noticed a death knight
  8037 | D:11     | Noticed a phantasmal warrior
  8201 | D:11     | Killed a skeletal warrior
  8201 | D:11     | Reached skill level 10 in Fighting
  8201 | D:11     | Reached skill level 12 in Unarmed Combat
  8246 | D:11     | Killed a phantasmal warrior
  8246 | D:11     | Reached XP level 12. HP: 109/126 MP: 14/14
  8310 | D:11     | Killed a death knight
  8538 | D:11     | Upgraded the game from 0.26-a0-665-gefeb406119 to
                  | 0.26-a0-667-g92642533e4
  8539 | D:12     | Found Keysa's Weapon Shoppe.
  8548 | D:12     | Noticed a two-headed ogre
  8554 | D:12     | Killed a two-headed ogre
  8650 | D:12     | Noticed a boulder beetle
  8680 | D:12     | Killed a boulder beetle
  8885 | D:12     | Found Cydant's Weapon Shop.
  9374 | Lair:1   | Entered Level 1 of the Lair of Beasts
 10217 | Lair:2   | Reached skill level 1 in Throwing
 10404 | Lair:2   | You fall into a shaft and drop 2 floors!
 10594 | Lair:3   | Reached skill level 5 in Dodging
 10597 | Lair:3   | Reached ***** piety under Makhleb
 10615 | Lair:3   | Reached XP level 13. HP: 122/133 MP: 17/17
 10798 | Lair:3   | Reached skill level 13 in Unarmed Combat
 10932 | Lair:3   | Found a snail-covered altar of Cheibriados.
 11184 | Lair:3   | You fall into a shaft and drop 3 floors!
 11184 | Lair:6   | Entered Level 6 of the Lair of Beasts
 11513 | Lair:6   | HP: 5/133 [yak[a torpor snail] (5)]
 12020 | Lair:4   | Reached skill level 5 in Throwing
 12313 | Lair:2   | Identified the +6 shortbow "Jyasusar" {speed, *Slow Str+4
                  | Int+4}
 12611 | Lair:2   | Found a staircase to the Shoals.
 12644 | Lair:2   | Reached skill level 14 in Unarmed Combat
 14178 | Lair:4   | Reached ****** piety under Makhleb
 14288 | Lair:4   | Found a staircase to the Snake Pit.
 14808 | Lair:5   | Reached XP level 14. HP: 83/143 MP: 19/19
 16510 | Lair:6   | Found a runed translucent door.
 16545 | Lair:6   | Paralysed by a hornet for 1 turns
 16558 | Lair:6   | Paralysed by a hornet for 3 turns
 16730 | Lair:6   | Paralysed by a hornet for 3 turns
 16736 | Lair:6   | Paralysed by a hornet for 1 turns
 16741 | Lair:6   | Paralysed by a hornet for 3 turns
 16970 | Lair:6   | Reached skill level 15 in Unarmed Combat
 17059 | Lair:6   | Paralysed by a hornet for 1 turns
 17403 | Lair:6   | Found a runed translucent door.
 17404 | Lair:6   | Found a viscous altar of Jiyva.
 17404 | Lair:6   | Noticed an azure jelly
 17404 | Lair:6   | Noticed an azure jelly
 17407 | Lair:6   | Found a staircase to the Slime Pits.
 17573 | Lair:6   | HP: 5/144 [poison (poison gas)]
 17970 | D:13     | Noticed Kirke
 17980 | D:13     | Noticed a sphinx
 17994 | D:13     | Killed Kirke
 18032 | D:12     | HP: 6/144 [phantasmal warrior[a death knight] (24)]
 18640 | D:13     | Noticed Rupert
 18660 | D:13     | HP: 4/146 [Rupert/+1 great mace of protection (11)]
 18663 | D:13     | Slain by Rupert

Illustrated notes

Levels and vault maps discovered:
D:1:      dpeg_arrival_snail, layout_basic
D:2:      layout_rooms, fedhas_altar_fruit_tree, evilmike_ruin_ashenzari
D:3:      layout_rooms, okawaru_trees_2, lemuel_crystal_altar,
          wad_floor_pattern_1, uniq_natasha
D:4:      layout_rooms, serial_curves, eino_curves_02, eino_curves_03,
          nemelex_lonely_heart_becter, uniq_menkaure
D:5:      layout_loops_corners, kennysheep_little_box,
          minmay_temple_entry_ruins, grunt_ministairs_15,
          minmay_misc_feat_columns, makhleb_heckhound_becter
D:6:      layout_loops_ring, gammafunk_ghost_arena
D:7:      layout_loops_ring
D:8:      layout_basic, basic_altar
D:9:      layout_stronghold, gammafunk_temple_overflow_wave, uniq_gastronok,
          uniq_psyche, uniq_maggie
D:10:     layout_gridville, basic_altar, uniq_erolcha, uniq_sonja
D:11:     layout_small_grid, lair_entry_dummy,
          kennysheep_orc_monster_closet_entryway, minivault_1,
          lemuel_old_faithful, uniq_fannar
D:12:     layout_irregular_city, serial_shops, kennysheep_mini, shop
D:13:     layout_loops_ring, serial_ice, serial_ice_k, serial_ice_b,
          serial_ice_f, serial_ice_d, serial_ice_n, serial_ice_a, enter_trove_5,
          uniq_kirke, uniq_rupert
Temple:   compressed_dpeg_circular_temple
Lair:1:   layout_chaotic_city, minmay_holes, st_stairs_6
Lair:2:   layout_hall_layers, minmay_shoals_entry_centaurs,
          hangedman_lair_unloving_vines, beast_lair_carwin_6
Lair:3:   layout_regular_city, kennysheep_snail_temple, serial_bayou_shore_a,
          infiniplex_staircase_pool
Lair:4:   layout_small_grid, minmay_snake_entry_guardpost_medium,
          roderic_batcave
Lair:5:   layout_loops_ring, serial_bayou_shore_b, grunt_megastairs_1,
          minmay_lair_oklob_chamber, infiniplex_staircase_pool_2
Lair:6:   wormcave, layout_regular_city, guppyfry_lair_end_dragon,
          slime_altar_2, serial_bayou_lake_a

Skill      XL: |  1  2  3  4  5  6  7  8  9 10 11 12 13 14 |
---------------+-------------------------------------------+-----
Fighting       | 3 4 5 7 8 10 11 | 11.0
Shields        | 3 4 5 6 8 9 |  9.0
Unarmed Combat | 3 4 6 8 9 10 12 14 15 | 15.7
Invocations    | 3 5 7 8 |  8.3
Dodging        | 5 |  5.0
Throwing       | 2 8 |  8.0

Action                   |  1- 3 |  4- 6 |  7- 9 | 10-12 | 13-15 || total
-------------------------+-------+-------+-------+-------+-------++-------
Melee: Unarmed           |   129 |   142 |   293 |   582 |   757 ||  1903
Throw: Dart              |       |       |       |     1 |       ||     1
       Large rock        |       |       |       |       |    17 ||    17
Invok: Lesser Servant of |       |       |       |     6 |    13 ||    19
       Minor Destruction |       |       |       |       |     2 ||     2
Evoke: Wand              |       |       |     7 |     1 |     6 ||    14
  Use: Scroll            |       |       |    12 |     6 |     9 ||    27
       Potion            |       |       |       |     4 |     6 ||    10
 Stab: Paralysed         |       |       |     7 |       |     1 ||     8
       Distracted        |       |       |     1 |     1 |     1 ||     3
       Confused          |       |       |       |       |     1 ||     1
Armor: Robe              |    59 |    27 |    55 |   185 |   142 ||   468
Dodge: Dodged            |    38 |    47 |    84 |   183 |   289 ||   641
Block: Kite shield       |    44 |    70 |   111 |   287 |   412 ||   924

Table legend: (Time is in decaauts)
 A = Elapsed time spent in this place.
 B = Non-inter-level travel time spent in this place.
 C = Inter-level travel time spent in this place.
 D = Time resting spent in this place.
 E = Time spent auto-exploring this place.
 F = Levels seen in this place.
 G = Mean time per level.
                   A        B        C        D        E       F      G
               +--------+--------+--------+--------+--------+-----+--------+
         Total |  19072 |  18133 |    939 |   2859 |  10062 |  20 |  953.6 |
       Dungeon |  10232 |   9709 |    523 |   1114 |   5571 |  13 |  787.1 |
        Temple |     42 |     42 |      0 |      0 |     20 |   1 |   42.0 |
          Lair |   8797 |   8381 |    416 |   1745 |   4471 |   6 | 1466.2 |
               +--------+--------+--------+--------+--------+-----+--------+

Top non-repeatable levels by time:
  Lair:6: 2711 daAuts
  Lair:3: 1559 daAuts
    D:11: 1407 daAuts
  Lair:2: 1391 daAuts
    D:12: 1303 daAuts
  Lair:5: 1168 daAuts
  Lair:4: 1137 daAuts
     D:5: 1011 daAuts
    D:10: 971 daAuts
     D:9: 959 daAuts
  Lair:1: 827 daAuts
     D:6: 770 daAuts
     D:7: 708 daAuts
     D:2: 670 daAuts
     D:3: 631 daAuts
